 Dungeon Crawl Stone Soup version 0.13.0-13-g27bfa31 (webtiles) character file.

53044 MackTheKnife the Martial Artist (level 14, -12/114 HPs)
             Began as a Demonspawn Death Knight on Oct 19, 2013.
             Was a High Priest of Yredelemnul.
             Mangled by a nine-headed hydra (13 damage)
             ... on Level 12 of the Dungeon.
             The game lasted 01:47:24 (27699 turns).

MackTheKnife the Martial Artist (DsDK)             Turns: 27699, Time: 01:47:24

HP -12/114       AC  6     Str 13      XL: 14   Next: 25%
MP  28/28        EV 18     Int 14      God: Yredelemnul [*****.]
Gold 1050        SH  0     Dex 19      Spells:  2 memorised,  9 levels left

Res.Fire  : + . .   See Invis. : .     - Unarmed
Res.Cold  : . . .   Warding    : .   Y - +0 mottled dragon armour
Life Prot.: . . .   Conserve   : .   (no shield)
Res.Poison: .       Res.Corr.  : .   (helmet restricted)
Res.Elec. : +       Clarity    : .   (no cloak)
Sust.Abil.: . .     Spirit.Shd : .   (gloves unavailable)
Res.Mut.  : .       Stasis     : .   (boots unavailable)
Res.Rott. : .       Flight     : .   d - amulet of faith
Saprovore : . . .                    m - ring "Oreunn" {rElec rF+ Dex+2 Acc-4}
                                     y - ring of regeneration

@: somewhat resistant to hostile enchantments, very unstealthy
A: antennae 2, claws 3, hooves 3, demonic guardian 1, powered by death 2, +10%
hp
a: Animate Dead, Recall Undead Slaves, Injury Mirror, Drain Life, Enslave Soul,
Renounce Religion


You were on level 12 of the Dungeon.
You worshipped Yredelemnul.
Yredelemnul was extremely pleased with you.
You were hungry.

You visited 4 branches of the dungeon, and saw 25 of its levels.
You also visited: Trove.

You collected 3159 gold pieces.
You spent 2129 gold pieces at shops.

Inventory:

Armour
 L - a +2 orcish robe of magic resistance
 Q - the cursed +3 buckler of Ytuheux {Str+5 Dex-2, unknown}
   (You found it on level 11 of the Dungeon)

   It affects your strength (+5).
   It affects your dexterity (-2).
   It has a curse placed upon it.
 Y - a +0 mottled dragon armour (worn)
Magical devices
 e - a wand of cold (5)
 g - a wand of polymorph (5)
 h - a wand of teleportation (3)
 n - a wand of polymorph (10)
 o - a wand of enslavement (8)
 V - a wand of digging (10)
Comestibles
 c - 3 bread rations
 l - a banana
 q - 2 chokos
 v - 5 grapes
 x - 4 meat rations
 C - a pear
Scrolls
 r - 6 scrolls of teleportation
 s - 4 scrolls of fear
 t - 7 scrolls of remove curse
 D - a scroll of identify
 F - a scroll of recharging {unknown}
 K - a scroll of magic mapping
 R - a scroll of enchant weapon I
 T - 2 scrolls of fog
 U - a scroll of brand weapon
 X - 2 scrolls of enchant weapon II
Jewellery
 a - an uncursed ring of magical power {unknown}
 d - an amulet of faith (around neck)
 f - an uncursed ring of protection from magic
 i - a +3 ring of evasion
 m - the ring "Oreunn" (right claw) {rElec rF+ Dex+2 Acc-4}
   (You bought it in a shop on level 1 of the Orcish Mines)

   [ring of dexterity]

   It affects your dexterity (+2).
   It affects your accuracy (-4).
   It protects you from fire.
   It insulates you from electricity.
 w - an uncursed ring of protection from cold
 y - a ring of regeneration (left claw)
 z - an uncursed amulet of inaccuracy {unknown}
 E - a +5 ring of protection {unknown}
 J - an uncursed ring of protection from magic
 M - an uncursed ring of protection from fire
 N - an uncursed ring of wizardry
 P - an uncursed amulet of the gourmand {unknown}
Potions
 b - 4 potions of brilliance
 j - 2 potions of heal wounds
 k - a potion of speed
 p - 5 potions of curing
 A - 2 potions of restore abilities
 B - a potion of berserk rage {unknown}
 G - a potion of resistance
 H - a potion of confusion {unknown}
 I - a potion of agility {unknown}
 Z - a potion of might
Books
 O - a book of Transfigurations

   Spells                             Type                      Level
   Stoneskin                          Transmutation/Earth          2
   Polymorph                          Hexes/Transmutation          4
   Ice Form                           Ice/Transmutation            4
   Statue Form                        Transmutation/Earth          6
   Dragon Form                        Transmutation                7
 W - a book of Frost

   Spells                             Type                      Level
   Freeze                             Ice                          1
   Throw Frost                        Conjuration/Ice              2
   Ozocubu's Armour                   Charms/Ice                   3
   Throw Icicle                       Conjuration/Ice              4
   Summon Ice Beast                   Ice/Summoning                4
   Condensation Shield                Ice                          4
Rods
 u - a +1 rod of fiery destruction (11/11)
   (You found it on level 2 of the Lair of Beasts)


   Skills:
 - Level 9.4 Fighting
 - Level 10.0 Maces & Flails
 + Level 1.0 Armour
 - Level 9.0 Dodging
 - Level 13.2 Unarmed Combat
 - Level 8.1 Charms
 - Level 10.9 Invocations


You had 9 spell levels left.
You knew the following spells:

 Your Spells              Type           Power        Failure   Level  Hunger
a - Swiftness             Chrm/Air       ##........   10%         2    ###....
b - Repel Missiles        Chrm/Air       ##........   10%         2    ###....


Dungeon Overview and Level Annotations

Branches:
Dungeon (12/27)            Temple (1/1) D:5             Orc (4/4) D:9
    Elf (0/3) Orc:4          Lair (8/8) D:8           Swamp (0/5) Lair:3
  Snake (0/5) Lair:4        Slime (0/6) Lair:7

Altars:
Elyvilon
Makhleb
Okawaru
Trog
Vehumet
Xom
Yredelemnul
the Shining One

Shops:
D:5 +   D:11 [   Orc:1 =   Orc:4 }*=?

Portals:
Ziggurat: D:7 (5010 gp)

Annotations:
D:6 Eustachio
D:9 exclusion: ice statue
Lair:6 exclusion: 2 oklob plants
Lair:7 exclusion: oklob plant


Innate Abilities, Weirdness & Mutations

You have a pair of antennae on your head.
You have claws for hands.
You have hooves in place of feet.
A weak demonic guardian rushes to your aid.
You can steal the life force of defeated enemies.
You are robust (+10% HP).


Message History

t - Shout!
Orders for allies: a - Attack new target. r - Retreat! s - Stop attacking. w - Wait here. f - Follow me.
Anything else - Stay silent.
Gang up on whom?
Press: ? - help, Dir - move target cursor, f - nine-headed hydra
Aim: a nine-headed hydra (moderately wounded, bleeding) Attack!
Your skeletal warrior hits the nine-headed hydra with a great sword!
The nine-headed hydra completely misses you.
The nine-headed hydra bites you!
* * * LOW HITPOINT WARNING * * *
The nine-headed hydra bites you!
* * * LOW HITPOINT WARNING * * *
The nine-headed hydra misses you. The nine-headed hydra bites you!
* * * LOW HITPOINT WARNING * * *
The nine-headed hydra misses you. The nine-headed hydra bites you!
You die...
Your body rises from the dead as a mindless zombie.

..#....................z##.#
.p#.#########.......#...####
#.#...###..##.......#.....
#.#....#....##.....##..##
#<#....#.....###.####..#
..#.......#........##..
.....z.#..#.........#
......{#).##..###(..#
..#...##.(%#.##.@..#
..#.###.....)?nzD.##
###.##....##.#.p.##
#.#...###..##..#
..#.........#..#
..##........#....
...####.###.....#.. ...#
.....##....#... . .....
#..## .


You could see a nine-headed hydra (bleeding), a friendly ghoul, a friendly
skeletal warrior and a friendly flayed ghost.

Vanquished Creatures
  Nessos (Orc:4)
  A hydra (Lair:7)
  Josephine (Orc:2)
  7 death yaks (Lair:8)
  An orc high priest (Orc:4)
  A hill giant (D:12)
  Pikel (D:9)
  4 orc knights (Orc:4)
  6 orc sorcerers (Orc:4)
  The ghost of WildSam the Martial Artist, an experienced DsMo of Fedhas (D:6)
  3 black mambas
  A stone giant skeleton (Orc:2)
  9 spiny frogs
  4 elephants
  A smoke demon (Orc:3)
  An orange demon (Orc:4)
  A giant leech (Lair:8)
  2 komodo dragons
  7 blink frogs
  A basilisk (Lair:5)
  A ynoxinul (Orc:4)
  A two-headed ogre (D:10)
  10 yaks
  A chaos spawn (Orc:4)
  2 sharks (Lair:8)
  A naga (Lair:3)
  A steam dragon (Lair:7)
  2 vampire mosquitoes (Lair:8)
  4 hippogriffs
  An electric eel (Lair:8)
  3 wolves
  7 porcupines
  2 black bears (D:7)
  A phantom (D:4)
  2 ogres
  7 orc warriors
  3 ice beasts
  17 giant frogs
  8 crocodiles
  A boring beetle (Lair:8)
  2 giant slugs
  2 wargs
  A gnoll sergeant (D:6)
  9 water moccasins
  A rotting devil (Orc:4)
  Blork the orc (D:9)
  7 killer bees
  A wyvern skeleton (D:10)
  2 yak zombies (D:7)
  7 wights
  4 jellyfish
  A troll zombie (D:7)
  A yak skeleton (D:9)
  A jelly (D:7)
  A goliath beetle (D:11)
  A giant frog zombie (D:11)
  7 crimson imps
  A giant frog skeleton (D:5)
  4 hounds
  17 orc priests
  A centaur skeleton (D:11)
  4 iguanas
  17 orc wizards
  5 scorpions
  3 worker ants
  4 sheep (Lair:8)
  An ogre zombie (D:9)
  A mottled dragon skeleton (D:9)
  8 gnolls
  A lemure (D:5)
  17 adders
  20 green rats
  6 giant centipedes
  A giant mite (Lair:5)
  3 worms
  An adder zombie (D:8)
  3 giant eyeballs
  7 giant geckos
  2 oozes
  120 orcs
  2 ball pythons
  A bat zombie (D:5)
  2 giant cockroaches
  A grey rat (D:6)
  25 hobgoblins
  9 jackals
  11 quokkas
  4 training dummies (D:3)
  18 bats
  3 giant newts
  16 goblins
  A goblin simulacrum (Orc:2)
  A goblin zombie (Orc:4)
  A hobgoblin skeleton (D:7)
  2 hobgoblin zombies
  13 kobolds
  A kobold skeleton (D:5)
  A kobold zombie (D:5)
  An orc simulacrum (Orc:2)
  An orc skeleton (Orc:2)
  3 orc zombies (Orc:4)
  23 rats
565 creatures vanquished.

Vanquished Creatures (collateral kills)
  Donald (Orc:4)
  Fannar (Lair:3)
  5 hydras
  2 death yaks (Lair:8)
  2 orc high priests (Orc:4)
  A catoblepas (Lair:7)
  An unseen horror (D:10)
  2 orc knights (Orc:4)
  A giant amoeba (D:10)
  A hill giant (D:12)
  A griffon (Lair:6)
  2 orc sorcerers
  A spiny worm (Lair:8)
  3 black mambas
  11 spiny frogs
  5 elephants
  A feature mimic (Lair:3)
  A blue devil (Orc:4)
  A troll (D:9)
  6 giant leeches
  Sonja (Orc:4)
  2 two-headed ogres (D:12)
  3 komodo dragons
  12 blink frogs
  A basilisk (Lair:3)
  A ynoxinul (Orc:4)
  4 sharks (Lair:8)
  A hungry ghost (D:12)
  18 yaks
  A wraith (D:12)
  2 hippogriffs
  A chaos spawn (Orc:4)
  5 vampire mosquitoes (Lair:8)
  2 mottled dragons
  10 wolves
  A deep elf fighter (D:8)
  2 manticores (D:10)
  15 orc warriors
  6 porcupines
  5 ice beasts (Lair:3)
  6 nagas
  2 slaves (D:9)
  2 sky beasts
  2 centaurs
  7 ogres
  A crocodile (Lair:1)
  3 phantoms
  4 giant slugs
  A cyclops zombie (D:12)
  22 giant frogs
  6 water moccasins
  2 agate snails
  4 jellyfish
  9 killer bees
  An eye of draining (D:11)
  10 jellies
  2 electric eels (Lair:8)
  2 wights
  2 crimson imps
  3 big fish (Lair:8)
  A giant frog zombie (D:10)
  3 scorpions
  10 orc priests
  6 hounds
  4 iguanas
  15 orc wizards
  A giant frog skeleton (D:12)
  A black bear skeleton (D:7)
  2 worker ants
  A crocodile zombie (D:9)
  6 sheep (Lair:8)
  A mummy (D:11)
  An ogre skeleton (Orc:2)
  7 adders
  5 gnolls
  42 green rats
  3 giant centipedes
  An inept feature mimic (D:5)
  A white imp (D:6)
  2 worms (D:11)
  5 ufetubi
  An adder skeleton (D:6)
  A giant eyeball (D:11)
  A giant gecko (D:5)
  13 oozes (D:10)
  56 orcs
  6 bats
  2 giant cockroaches
  5 goblins
  A grey rat (D:6)
  3 jackals
  3 quokkas
  2 kobolds
  A kobold skeleton (D:5)
  An orc skeleton (D:10)
  8 orc zombies
  2 quokka zombies
  4 rats
  A rat skeleton (D:6)
  3 bushes (Lair:4)
  3 fungi
  9 plants
477 creatures vanquished.

Vanquished Creatures (others)
  A death cob (Orc:4)
  2 flayed ghosts
  4 flaming corpses
  A phantasmal warrior (D:12)
  A hydra zombie (Lair:8)
  A black mamba zombie (Lair:4)
  6 flying skulls
  3 wraiths
  A spectral human (D:12)
  2 giant leech zombies (Lair:8)
  An elf zombie (Lair:3)
  5 spiny frog zombies (Lair:8)
  4 freezing wraiths
  4 orc skeletons (Orc:4)
  4 blink frog zombies
  3 vampire mosquito zombies (Lair:8)
  3 giant slug zombies
  8 yak zombies
  3 shark zombies (Lair:8)
  A wight (D:6)
  9 giant frog zombies
  11 crimson imps
  2 water moccasin zombies (Lair:8)
  A black bear zombie (D:7)
  2 wolf zombies
  8 iron imps
  A warg zombie (Orc:4)
  A porcupine zombie (Lair:4)
  2 killer bee zombies
  An ogre zombie (D:5)
  2 mummies
  A naga zombie (Lair:3)
  2 worker ant zombies
  2 big fish zombies (Lair:8)
  8 lemures
  A worm zombie (D:6)
  15 white imps
  12 ufetubi
  An adder skeleton (D:8)
  An adder zombie (Lair:8)
  An electric eel zombie (Lair:8)
  2 sheep zombies (Lair:8)
  5 orcs
  4 bat zombies
  3 gnoll zombies
  A giant gecko zombie (D:5)
  A giant newt zombie (D:4)
  A giant spore (D:6)
  15 green rat zombies
  A hobgoblin zombie (D:4)
  4 jackal zombies
  A kobold zombie (D:8)
  36 orc zombies
  A quokka zombie (D:6)
  3 rat zombies
  9 fungi
  22 plants
251 creatures vanquished.

Grand Total: 1293 creatures vanquished

Notes
Turn   | Place    | Note
--------------------------------------------------------------
     0 | D:1      | MackTheKnife, the Demonspawn Death Knight, began the quest for the Orb.
     0 | D:1      | Reached XP level 1. HP: 16/16 MP: 2/2
   429 | D:1      | Gained mutation: You have sharp fingernails. [demonic ancestry]
   429 | D:1      | Reached XP level 2. HP: 20/22 MP: 4/4
  1273 | D:2      | Acquired Yredelemnul's second power
  1273 | D:2      | Gained mutation: You can steal the life force of nearby defeated enemies. [demonic ancestry]
  1273 | D:2      | Reached XP level 3. HP: 25/27 MP: 5/5
  1302 | D:2      | Found a bloodstained altar of Trog.
  1920 | D:3      | Gained mutation: You can steal the life force of defeated enemies. [demonic ancestry]
  1920 | D:3      | Reached XP level 4. HP: 34/34 MP: 7/7
  2036 | D:3      | Reached skill level 4 in Maces & Flails
  2105 | D:3      | Found an iron altar of Okawaru.
  2750 | D:4      | Gained mutation: A weak demonic guardian rushes to your aid. [demonic ancestry]
  2750 | D:4      | Reached XP level 5. HP: 26/39 MP: 1/9
  2825 | D:4      | Acquired Yredelemnul's third power
  2979 | D:4      | Reached skill level 5 in Maces & Flails
  3045 | D:4      | Noticed an ogre
  3063 | D:4      | Killed an ogre
  3340 | D:4      | Noticed a phantom
  3350 | D:4      | Received a gift from Yredelemnul
  3380 | D:4      | Killed a phantom
  3380 | D:4      | Reached skill level 6 in Maces & Flails
  3380 | D:4      | Reached XP level 6. HP: 36/45 MP: 10/10
  3454 | D:5      | Entered Level 5 of the Dungeon
  3525 | D:5      | Found a staircase to the Ecumenical Temple.
  3533 | Temple   | Entered the Ecumenical Temple
  3652 | D:5      | Found Choos' Book Emporium.
  3905 | D:5      | Reached skill level 7 in Maces & Flails
  3905 | D:5      | Gained mutation: You have a pair of small antennae on your head. [demonic ancestry]
  3905 | D:5      | Reached XP level 7. HP: 44/50 MP: 12/12
  4172 | D:5      | Found a glowing golden altar of the Shining One.
  4173 | D:5      | Found a radiant altar of Vehumet.
  4900 | D:6      | Noticed WildSam's ghost (experienced DsMo)
  4915 | D:6      | Reached skill level 8 in Maces & Flails
  5265 | D:6      | Acquired Yredelemnul's fourth power
  5435 | D:6      | Noticed Eustachio
  6063 | D:6      | Got a crude leather armour
  6065 | D:6      | Identified the +3 leather armour of the Moon {+Fly Dex-3 Stlth--} (You found it on level 6 of the Dungeon)
  6315 | D:6      | Reached skill level 5 in Invocations
  6315 | D:6      | Gained mutation: You have a pair of antennae on your head. [demonic ancestry]
  6315 | D:6      | Reached XP level 8. HP: 50/58 MP: 15/15
  6674 | D:6      | Killed WildSam's ghost
  7250 | D:7      | Reached skill level 5 in Fighting
  7550 | D:7      | Found a gateway to a ziggurat.
  8556 | D:7      | Gained mutation: You have large cloven feet. [demonic ancestry]
  8556 | D:7      | Reached XP level 9. HP: 50/67 MP: 19/19
  9113 | D:8      | Paralysed by a giant eyeball for 2 turns
  9232 | D:8      | Got a pair of faintly glowing boots
  9236 | D:8      | Identified the cursed -2 pair of boots of Keav {rElec rF+ Int-4 Dam-2} (You found it on level 8 of the Dungeon)
  9322 | D:8      | Found a basalt altar of Yredelemnul.
  9630 | D:8      | Reached skill level 9 in Fighting
  9653 | D:8      | Found a staircase to the Lair.
  9700 | D:8      | Got a twisted mace
  9701 | D:8      | Identified the +3,+0 mace "Khimoil" {freeze, +Rage Dex+4} (You found it on level 8 of the Dungeon)
  9759 | D:9      | Received a gift from Yredelemnul
  9848 | D:9      | Got a steaming cloak
  9866 | D:9      | Received a gift from Yredelemnul
  9881 | D:9      | Identified the +0 cloak "Fapsiemn" {Acc+5 Dam-5} (You found it on level 9 of the Dungeon)
  9998 | D:9      | Noticed Pikel
 10009 | D:9      | Killed Pikel
 10152 | D:9      | Paralysed by a giant eyeball for 2 turns
 10248 | D:9      | Gained mutation: You have hoof-like feet. [demonic ancestry]
 10248 | D:9      | Reached XP level 10. HP: 62/77 MP: 21/21
 10350 | D:9      | Noticed Blork the orc
 10356 | D:9      | Killed Blork the orc
 10440 | D:9      | Reached skill level 10 in Maces & Flails
 10472 | D:9      | Found a staircase to the Orcish Mines.
 10507 | D:9      | Noticed an ice statue
 10580 | D:10     | Entered Level 10 of the Dungeon
 10584 | D:10     | Received a gift from Yredelemnul
 10586 | D:10     | Reached skill level 1 in Dodging
 10594 | D:10     | Learned a level 2 spell: Swiftness
 10597 | D:10     | Learned a level 2 spell: Repel Missiles
 10629 | D:10     | Reached skill level 1 in Charms
 10996 | Lair:1   | Entered Level 1 of the Lair of Beasts
 11476 | Lair:2   | Acquired Yredelemnul's fifth power
 11697 | Lair:2   | Reached skill level 5 in Charms
 11900 | Lair:2   | Received a gift from Yredelemnul
 12383 | Lair:2   | Noticed a black mamba
 12388 | Lair:2   | Killed a black mamba
 12389 | Lair:2   | Received a gift from Yredelemnul
 12883 | Lair:2   | Identified a cursed +1 rod of fiery destruction (11/11) (You found it on level 2 of the Lair of Beasts)
 12984 | Lair:2   | Noticed a black mamba
 12992 | Lair:2   | Killed a black mamba
 13074 | Lair:3   | Received a gift from Yredelemnul
 13173 | Lair:3   | Gained mutation: You are robust (+10% HP). [potion of beneficial mutation]
 13174 | Lair:3   | Gained mutation: You have hooves in place of feet. [potion of beneficial mutation]
 13242 | Lair:3   | Noticed Fannar
 13255 | Lair:3   | Gained mutation: You have very sharp fingernails. [demonic ancestry]
 13255 | Lair:3   | Reached XP level 11. HP: 58/91 MP: 22/22
 13267 | Lair:3   | Killed Fannar
 13282 | Lair:3   | Received a gift from Yredelemnul
 13750 | Lair:3   | Found a staircase to the Snake Pit.
 13762 | Lair:3   | Your ally Fannar died
 13771 | Lair:3   | the staircase to the Snake Pit was a mimic.
 13934 | Lair:3   | Found a staircase to the Swamp.
 14298 | Lair:4   | Reached skill level 10 in Invocations
 14403 | Lair:4   | Found a staircase to the Snake Pit.
 14676 | Lair:4   | Reached skill level 5 in Dodging
 14677 | Lair:4   | Received a gift from Yredelemnul
 14939 | Lair:4   | Received a gift from Yredelemnul
 16087 | Lair:6   | Noticed a five-headed hydra
 16967 | Lair:6   | Gained mutation: You have claws for hands. [demonic ancestry]
 16967 | Lair:6   | Reached XP level 12. HP: 95/99 MP: 25/25
 17115 | Lair:7   | Noticed a six-headed hydra
 17194 | Lair:7   | Received a gift from Yredelemnul
 17216 | Lair:7   | Killed a six-headed hydra
 17368 | Lair:6   | Killed a five-headed hydra
 18026 | Lair:7   | Found a staircase to the Slime Pits.
 18066 | Lair:7   | Noticed a six-headed hydra
 18077 | Lair:7   | Killed a six-headed hydra
 18366 | Lair:7   | Received a gift from Yredelemnul
 18602 | Lair:7   | Reached skill level 1 in Unarmed Combat
 19165 | Lair:8   | Entered Level 8 of the Lair of Beasts
 19357 | Lair:8   | Noticed a seven-headed hydra
 19363 | Lair:8   | Killed a seven-headed hydra
 19363 | Lair:8   | Reached skill level 5 in Unarmed Combat
 19637 | Lair:8   | Received a gift from Yredelemnul
 19680 | Lair:8   | Reached XP level 13. HP: 46/106 MP: 27/27
 19767 | Lair:8   | Received a gift from Yredelemnul
 20858 | Lair:8   | Received a gift from Yredelemnul
 20874 | Lair:8   | Reached skill level 10 in Unarmed Combat
 21508 | Orc:1    | Entered Level 1 of the Orcish Mines
 21519 | Orc:1    | Found Loanemp's Jewellery Emporium.
 21524 | Orc:1    | Bought the ring "Oreunn" {rElec rF+ Dex+2 Acc-4} for 511 gold pieces
 21524 | Orc:1    | Bought an uncursed ring of regeneration for 450 gold pieces
 22245 | Orc:2    | Noticed Josephine
 22255 | Orc:2    | Killed Josephine
 22419 | Orc:3    | Received a gift from Yredelemnul
 22766 | Orc:4    | Entered Level 4 of the Orcish Mines
 22769 | Orc:4    | Noticed Donald
 22800 | Orc:4    | Found a staircase to the Elven Halls.
 22802 | Orc:4    | Reached skill level 11 in Unarmed Combat
 22802 | Orc:4    | Received a gift from Yredelemnul
 22804 | Orc:4    | Noticed Nessos
 22814 | Orc:4    | Received a gift from Yredelemnul
 23090 | Orc:4    | Found a burning altar of Makhleb.
 23105 | Orc:4    | Killed Donald
 23106 | Orc:4    | HP: 4/106 [orc priest/divine providence (10)]
 23691 | Orc:4    | Received a gift from Yredelemnul
 23757 | Orc:4    | Killed Nessos
 23962 | Orc:4    | Noticed Sonja
 23973 | Orc:4    | Reached skill level 12 in Unarmed Combat
 24504 | Orc:4    | Reached XP level 14. HP: 64/114 MP: 21/28
 24511 | Orc:4    | Found Vaahes' General Store.
 24518 | Orc:4    | Found Thuz's Magic Scroll Shop.
 24521 | Orc:4    | Found Ufumnuit's Jewellery Shop.
 24532 | Orc:4    | Killed Sonja
 24533 | Orc:4    | Found Ukuafusch's Gadget Shoppe.
 24814 | Orc:4    | Bought a scroll of identify for 32 gold pieces
 24814 | Orc:4    | Bought a scroll of identify for 32 gold pieces
 25301 | Orc:3    | Received a gift from Yredelemnul
 25569 | D:10     | Noticed a giant amoeba
 25585 | D:10     | Killed a giant amoeba
 25603 | D:10     | Received a gift from Yredelemnul
 25634 | D:10     | Found a portal to a secret trove of treasure.
 25903 | D:5      | Bought a book of Annihilations for 1104 gold pieces
 26057 | Trove    | Entered a treasure trove
 26293 | D:10     | Killed an unseen horror
 26436 | D:11     | Found Sucun's Antique Armour Shoppe.
 26447 | D:11     | Received a gift from Yredelemnul
 26976 | D:11     | Received a gift from Yredelemnul
 27055 | D:11     | Got a twisted buckler
 27066 | D:11     | Reached skill level 13 in Unarmed Combat
 27069 | D:11     | Noticed Joseph
 27075 | D:11     | Killed Joseph
 27075 | D:11     | Enslaved Joseph
 27181 | D:11     | Paralysed by a giant eyeball for 2 turns
 27566 | D:12     | Your ally Joseph died
 27668 | D:12     | Reached skill level 1 in Armour
 27699 | D:12     | HP: 1/114 [nine-headed hydra (10)]
 27699 | D:12     | Mangled by a nine-headed hydra

Action                   |  1- 3 |  4- 6 |  7- 9 | 10-12 | 13-15 || total
-------------------------+-------+-------+-------+-------+-------++-------
Melee: Mace              |    91 |       |       |       |       ||    91
       Whip              |    35 |   198 |   489 |       |       ||   722
       Morningstar       |       |       |   113 |   631 |       ||   744
       Unarmed           |       |       |       |    31 |   546 ||   577
Throw: Stone             |       |       |     7 |       |       ||     7
 Cast: Repel Missiles    |       |       |       |       |     3 ||     3
       Swiftness         |       |       |       |       |     2 ||     2
Invok: Animate Remains   |     5 |     5 |       |       |       ||    10
       Animate Dead      |       |     4 |    17 |    52 |    31 ||   104
       Injury Mirror     |       |       |     2 |     3 |       ||     5
       Recall Undead Sla |       |       |     1 |    11 |    17 ||    29
       Enslave Soul      |       |       |       |     7 |     1 ||     8
       Drain Life        |       |       |       |     8 |    17 ||    25
Evoke: Wand              |       |       |       |     7 |     9 ||    16
  Use: Scroll            |     7 |     2 |    18 |    16 |    13 ||    56
       Potion            |       |     1 |     4 |     5 |     5 ||    15
 Stab: Distracted        |       |     2 |     7 |    11 |    10 ||    30
